| TOP OF THE 1ST |
|
Niagara Falls Phantoms batting - Pitching for Windy City ThunderBolts : RHP Jonathan Whisonant
|
|
Pitching: RHP Jonathan Whisonant
|
|
|
Batting: RHB Alfredo Mendez
|
0-0: Foul Ball, location: 2F 0-1: Foul Ball, location: 2F 0-2: Ball 1-2: Foul Ball, location: 2F 1-2: Foul Ball, location: 2F 1-2: Strikes out swinging
|
|
Batting: RHB Tatsuro Hamasaki
|
0-0: Fly out, F9 (Flyball, 9, EV 89.4 MPH)
|
|
Batting: RHB Peter Frankel
|
0-0: Called Strike 0-1: Swinging Strike 0-2: Foul Ball, location: 2F 0-2: Strikes out swinging
|
| Top of the 1st over - 0 runs, 0 hits, 0 errors, 0 left on base; Niagara Falls 0 - Windy City 0 |
| BOTTOM OF THE 1ST |
|
Windy City ThunderBolts batting - Pitching for Niagara Falls Phantoms : LHP Tony de la Cruz
|
|
Pitching: LHP Tony de la Cruz
|
|
|
Batting: RHB Joe Thomas
|
0-0: Called Strike 0-1: Ball 1-1: Foul Ball, location: 2F 1-2: Strikes out swinging
|
|
Batting: RHB Eddie Dimas
|
0-0: Called Strike 0-1: SINGLE (Groundball, 56S, EV 62.5 MPH) (infield hit)
|
|
Batting: RHB Donovan Deason
|
0-0: Foul Ball, location: 2F 0-1: Foul Ball, location: 2F 0-2: Ball 1-2: Ball 2-2: Foul Ball, location: 2F 2-2: Ball 3-2: Foul Ball, location: 2F 3-2: Grounds into double play, 5-4-3 (Groundball, 56, EV 84.4 MPH)
|
| Bottom of the 1st over - 0 runs, 1 hit, 0 errors, 0 left on base; Niagara Falls 0 - Windy City 0 |
| TOP OF THE 2ND |
|
Niagara Falls Phantoms batting - Pitching for Windy City ThunderBolts : RHP Jonathan Whisonant
|
|
Batting: RHB Hunter Uttley
|
0-0: SINGLE (Line Drive, 8RS, EV 109.4 MPH)
|
|
Batting: SHB Bruce Shelton
|
0-0: Called Strike 0-1: Ball 1-1: Foul Ball, location: 2F 1-2: Strikes out looking
|
|
Batting: LHB Tim Ellenberger
|
0-0: Ball 1-0: Called Strike 1-1: Ball 2-1: DOUBLE (Flyball, 8RXD, EV 99.4 MPH) Hunter Uttley to third Runner from 3rd tries for Home, SAFE, throw by CF to home
|
|
Batting: RHB Danny Carrick
|
0-0: Called Strike Tim Ellenberger steals 3rd, throwing error, E2 Tim Ellenberger scores 0-1: Ball 1-1: SINGLE (Groundball, 56, EV 110.6 MPH) (infield hit)
|
|
Batting: RHB Randy Joyce
|
0-0: Called Strike 0-1: Grounds into double play, 6-4-3 (Groundball, 6, EV 103.1 MPH)
|
| Top of the 2nd over - 2 runs, 3 hits, 1 error, 0 left on base; Niagara Falls 2 - Windy City 0 |
| BOTTOM OF THE 2ND |
|
Windy City ThunderBolts batting - Pitching for Niagara Falls Phantoms : LHP Tony de la Cruz
|
|
Batting: RHB Paul Holland
|
0-0: Swinging Strike 0-1: Ball 1-1: Swinging Strike 1-2: Ball 2-2: Ball 3-2: SINGLE (Line Drive, 8LS, EV 94.4 MPH)
|
|
Batting: RHB Camillo Bonauiti
|
0-0: Foul Ball, location: 2F 0-1: Ball 1-1: 2-RUN HOME RUN (Flyball, 7D, EV 96.9 MPH), Distance : 376 ft
|
|
Batting: RHB Bellchior Osuna
|
0-0: Ball 1-0: Swinging Strike 1-1: Swinging Strike 1-2: Strikes out swinging
|
|
Batting: RHB Klaus Brown
|
0-0: Foul Ball, location: 2F 0-1: Ball 1-1: SINGLE (Line Drive, 8LS, EV 104.4 MPH)
|
|
Batting: RHB Nhat Phong
|
0-0: Ball 1-0: Swinging Strike 1-1: Swinging Strike 1-2: Fly out, F9 (Flyball, 9D, EV 91.9 MPH)
|
|
Batting: RHB Sim Damit
|
0-0: DOUBLE (Line Drive, 8RD, EV 105.0 MPH) Klaus Brown to third Runner from 3rd tries for Home, throw by CF and OUT! 8-4-2
|
| Bottom of the 2nd over - 2 runs, 4 hits, 0 errors, 1 left on base; Niagara Falls 2 - Windy City 2 |
| TOP OF THE 3RD |
|
Niagara Falls Phantoms batting - Pitching for Windy City ThunderBolts : RHP Jonathan Whisonant
|
|
Batting: RHB Donald DeLisio
|
0-0: Swinging Strike 0-1: Ball 1-1: Ball 2-1: Called Strike 2-2: Strikes out swinging
|
|
Batting: RHB Alfredo Mendez
|
0-0: Swinging Strike 0-1: SINGLE (Flyball, 56D, EV 90.0 MPH)
|
|
Batting: RHB Tatsuro Hamasaki
|
0-0: Called Strike 0-1: Swinging Strike 0-2: Ball 1-2: Ball Alfredo Mendez is caught stealing 2nd base 2-4 2-2: Foul Ball, location: 2F 2-2: Strikes out looking
|
| Top of the 3rd over - 0 runs, 1 hit, 0 errors, 0 left on base; Niagara Falls 2 - Windy City 2 |
| BOTTOM OF THE 3RD |
|
Windy City ThunderBolts batting - Pitching for Niagara Falls Phantoms : LHP Tony de la Cruz
|
|
Batting: RHB Joe Thomas
|
0-0: Called Strike 0-1: Called Strike 0-2: Ball 1-2: Strikes out swinging
|
|
Batting: RHB Eddie Dimas
|
0-0: Ball 1-0: Fly out, F8 (Flyball, 8LXD, EV 93.1 MPH)
|
|
Batting: RHB Donovan Deason
|
0-0: Foul Ball, location: 2F 0-1: Ball 1-1: Fly out, F7 (Flyball, 7D, EV 101.2 MPH)
|
| Bottom of the 3rd over - 0 runs, 0 hits, 0 errors, 0 left on base; Niagara Falls 2 - Windy City 2 |
| TOP OF THE 4TH |
|
Niagara Falls Phantoms batting - Pitching for Windy City ThunderBolts : RHP Jonathan Whisonant
|
|
Batting: RHB Peter Frankel
|
0-0: Called Strike 0-1: Ball 1-1: SINGLE (Line Drive, 56D, EV 98.1 MPH)
|
|
Batting: RHB Hunter Uttley
|
0-0: Called Strike 0-1: Ball Peter Frankel steals 2nd base 1-1: Called Strike 1-2: Ball 2-2: Fly out, F8 (Line Drive, 8LD, EV 98.8 MPH) Runner from 2nd tags up, SAFE at 3rd with throw by CF
|
|
Batting: SHB Bruce Shelton
|
0-0: Called Strike 0-1: Swinging Strike 0-2: Ball 1-2: Foul Ball, location: 2F 1-2: Ball 2-2: Ball 3-2: Foul Ball, location: 2F 3-2: Base on Balls
|
|
Batting: LHB Tim Ellenberger
|
0-0: Ball 1-0: Swinging Strike 1-1: Called Strike 1-2: Foul Ball, location: 2F 1-2: Ball 2-2: Strikes out looking
|
|
Batting: RHB Danny Carrick
|
0-0: Foul Ball, location: 2F 0-1: Called Strike 0-2: Strikes out swinging
|
| Top of the 4th over - 0 runs, 1 hit, 0 errors, 2 left on base; Niagara Falls 2 - Windy City 2 |
| BOTTOM OF THE 4TH |
|
Windy City ThunderBolts batting - Pitching for Niagara Falls Phantoms : LHP Tony de la Cruz
|
|
Batting: RHB Paul Holland
|
0-0: Called Strike 0-1: Ball 1-1: Ball 2-1: Swinging Strike 2-2: Strikes out swinging
|
|
Batting: RHB Camillo Bonauiti
|
0-0: Ball 1-0: Foul Ball, location: 2F 1-1: Ground out 4-3 (Groundball, 4M, EV 85.6 MPH)
|
|
Batting: RHB Bellchior Osuna
|
0-0: Foul Ball, location: 2F 0-1: Ball 1-1: Swinging Strike 1-2: Ball 2-2: Strikes out swinging
|
| Bottom of the 4th over - 0 runs, 0 hits, 0 errors, 0 left on base; Niagara Falls 2 - Windy City 2 |
| TOP OF THE 5TH |
|
Niagara Falls Phantoms batting - Pitching for Windy City ThunderBolts : RHP Jonathan Whisonant
|
|
Batting: RHB Randy Joyce
|
0-0: Called Strike 0-1: Fly out, F8 (Flyball, 8LXD, EV 93.8 MPH)
|
|
Batting: RHB Donald DeLisio
|
0-0: Called Strike 0-1: Ball 1-1: Fly out, F7 (Flyball, 78M, EV 80.0 MPH)
|
|
Batting: RHB Alfredo Mendez
|
0-0: Called Strike 0-1: Foul Ball, location: 2F 0-2: Ball 1-2: Strikes out swinging
|
| Top of the 5th over - 0 runs, 0 hits, 0 errors, 0 left on base; Niagara Falls 2 - Windy City 2 |
| BOTTOM OF THE 5TH |
|
Windy City ThunderBolts batting - Pitching for Niagara Falls Phantoms : LHP Tony de la Cruz
|
|
Batting: RHB Klaus Brown
|
0-0: Swinging Strike 0-1: Foul Ball, location: 2F 0-2: Strikes out looking
|
|
Batting: RHB Nhat Phong
|
0-0: Ball 1-0: Ball 2-0: Ball 3-0: Base on Balls
|
|
Batting: RHB Sim Damit
|
0-0: Ball 1-0: Fielders Choice at 2nd, 4-6 (Groundball, 4, EV 86.2 MPH)
|
|
Batting: RHB Joe Thomas
|
0-0: Called Strike 0-1: Foul Ball, location: 2F 0-2: Strikes out looking
|
| Bottom of the 5th over - 0 runs, 0 hits, 0 errors, 1 left on base; Niagara Falls 2 - Windy City 2 |
| TOP OF THE 6TH |
|
Niagara Falls Phantoms batting - Pitching for Windy City ThunderBolts : RHP Jonathan Whisonant
|
|
Batting: RHB Tatsuro Hamasaki
|
0-0: Fly out, F9 (Flyball, 9, EV 90.6 MPH)
|
|
Batting: RHB Peter Frankel
|
0-0: Foul Ball, location: 2F 0-1: Ball 1-1: Foul Ball, location: 2F 1-2: Strikes out swinging
|
|
Batting: RHB Hunter Uttley
|
0-0: DOUBLE (Groundball, 3L, EV 97.5 MPH)
|
|
Batting: SHB Bruce Shelton
|
0-0: Ball 1-0: Ball 2-0: Ball 3-0: Called Strike 3-1: Base on Balls
|
|
Batting: LHB Tim Ellenberger
|
0-0: Ball 1-0: Swinging Strike 1-1: Foul Ball, location: 2F 1-2: Ball 2-2: 3-RUN HOME RUN (Flyball, 9D, EV 104.4 MPH), Distance : 381 ft
|
|
Batting: RHB Danny Carrick
|
0-0: Called Strike 0-1: Swinging Strike 0-2: Ball 1-2: Strikes out looking
|
| Top of the 6th over - 3 runs, 2 hits, 0 errors, 0 left on base; Niagara Falls 5 - Windy City 2 |
| BOTTOM OF THE 6TH |
|
Windy City ThunderBolts batting - Pitching for Niagara Falls Phantoms : LHP Tony de la Cruz
|
|
Batting: RHB Eddie Dimas
|
0-0: Ball 1-0: Ball 2-0: Foul Ball, location: 2F 2-1: Ball 3-1: Foul Ball, location: 2F 3-2: Foul Ball, location: 2F 3-2: Ground out 6-3 (Groundball, 56D, EV 104.4 MPH)
|
|
Batting: RHB Donovan Deason
|
0-0: Called Strike 0-1: Ground out 6-3 (Groundball, 6S, EV 75.6 MPH)
|
|
Batting: RHB Paul Holland
|
0-0: Ball 1-0: Called Strike 1-1: Ball 2-1: Ground out 1-3 (Groundball, 34S, EV 69.4 MPH)
|
| Bottom of the 6th over - 0 runs, 0 hits, 0 errors, 0 left on base; Niagara Falls 5 - Windy City 2 |
| TOP OF THE 7TH |
|
Niagara Falls Phantoms batting - Pitching for Windy City ThunderBolts : RHP Jonathan Whisonant
|
|
Batting: RHB Randy Joyce
|
0-0: Swinging Strike 0-1: Foul Ball, location: 2F 0-2: Ball 1-2: Strikes out swinging
|
|
Pitching: RHP Mike Davis
|
|
|
Batting: RHB Ben Underwood
|
0-0: Ball 1-0: Called Strike 1-1: Ball 2-1: Swinging Strike 2-2: Reached via error on a dropped throw from 1B, E1 (Groundball, 34, EV 85.0 MPH)
|
|
Batting: RHB Alfredo Mendez
|
0-0: Foul Ball, location: 2F 0-1: Swinging Strike 0-2: Ball 1-2: Ball 2-2: Strikes out swinging
|
|
Batting: RHB Tatsuro Hamasaki
|
0-0: Called Strike 0-1: Fly out, F8 (Flyball, 8LD, EV 108.8 MPH)
|
| Top of the 7th over - 0 runs, 0 hits, 1 error, 1 left on base; Niagara Falls 5 - Windy City 2 |
| BOTTOM OF THE 7TH |
|
Windy City ThunderBolts batting - Pitching for Niagara Falls Phantoms : LHP Tony de la Cruz
|
|
Batting: RHB Camillo Bonauiti
|
0-0: Ball 1-0: SOLO HOME RUN (Flyball, 9LD, EV 93.8 MPH), Distance : 336 ft
|
|
Batting: RHB Bellchior Osuna
|
0-0: Ball 1-0: SINGLE (Line Drive, 4M, EV 95.6 MPH)
|
|
Batting: RHB Klaus Brown
|
0-0: Grounds into double play, 6-4-3 (Groundball, 6, EV 87.5 MPH)
|
|
Batting: RHB Nhat Phong
|
0-0: Called Strike 0-1: Ball 1-1: Ball 2-1: Ball 3-1: Base on Balls
|
|
Batting: RHB Sim Damit
|
0-0: Foul Ball, location: 2F 0-1: Called Strike 0-2: Ball 1-2: Strikes out looking
|
| Bottom of the 7th over - 1 run, 2 hits, 0 errors, 1 left on base; Niagara Falls 5 - Windy City 3 |
| TOP OF THE 8TH |
|
Niagara Falls Phantoms batting - Pitching for Windy City ThunderBolts : RHP Mike Davis
|
|
Batting: RHB Peter Frankel
|
0-0: Called Strike 0-1: Foul Ball, location: 2F 0-2: Ground out 6-3 (Groundball, 6M, EV 108.8 MPH)
|
|
Batting: RHB Hunter Uttley
|
0-0: Ball 1-0: Ball 2-0: Ball 3-0: Base on Balls
|
|
Batting: SHB Bruce Shelton
|
0-0: Ball 1-0: SINGLE (Flyball, 7, EV 98.8 MPH) Hunter Uttley to second
|
|
Pitching: LHP Sincere Powell
|
|
|
Pinch Hitting: RHB Chris Horton
|
0-0: Ball 1-0: Ball 2-0: Foul Ball, location: 2F 2-1: Ball 3-1: Called Strike 3-2: Foul Ball, location: 2F 3-2: Foul Ball, location: 2F 3-2: Fielders Choice at 2nd, 6-4 (Groundball, 6MS, EV 87.5 MPH) Hunter Uttley to third
|
|
Pitching: RHP Ted Hurley
|
|
|
Pinch Hitting: LHB Luis Ponce
|
0-0: Called Strike 0-1: Fielders Choice at 2nd, 5-4 (Groundball, 56, EV 100.6 MPH)
|
| Top of the 8th over - 0 runs, 1 hit, 0 errors, 2 left on base; Niagara Falls 5 - Windy City 3 |
| BOTTOM OF THE 8TH |
|
Windy City ThunderBolts batting - Pitching for Niagara Falls Phantoms : LHP Tony de la Cruz
|
|
Now at 3B: Brian Biordi
|
|
|
Now in LF: Hui Li
|
|
|
Batting: RHB Joe Thomas
|
0-0: Called Strike 0-1: Swinging Strike 0-2: Ball 1-2: Ball 2-2: Strikes out swinging
|
|
Batting: RHB Eddie Dimas
|
0-0: Called Strike 0-1: SINGLE (Line Drive, 4MD, EV 100.0 MPH)
|
|
Pitching: RHP Jeff Thiem
|
|
|
Batting: RHB Donovan Deason
|
0-0: Ball 1-0: Swinging Strike 1-1: Called Strike 1-2: Fly out, F7 (Flyball, 7, EV 87.5 MPH)
|
|
Batting: RHB Paul Holland
|
0-0: Ball 1-0: Foul Ball, location: 2F 1-1: Ball 2-1: Ball 3-1: Base on Balls Eddie Dimas to second
|
|
Batting: RHB Camillo Bonauiti
|
0-0: Foul Ball, location: 2F 0-1: Foul Ball, location: 2F 0-2: Ball 1-2: Foul Ball, location: 2F 1-2: DOUBLE (Line Drive, 9LS, EV 92.5 MPH) Eddie Dimas scores Paul Holland to third Runner from 3rd tries for Home, throw by RF and OUT! 9-4-2
|
| Bottom of the 8th over - 1 run, 2 hits, 0 errors, 1 left on base; Niagara Falls 5 - Windy City 4 |
| TOP OF THE 9TH |
|
Niagara Falls Phantoms batting - Pitching for Windy City ThunderBolts : RHP Ted Hurley
|
|
Batting: RHB Randy Joyce
|
0-0: Called Strike 0-1: Ball 1-1: SOLO HOME RUN (Flyball, 89XD, EV 107.5 MPH), Distance : 429 ft
|
|
Batting: RHB Ben Underwood
|
0-0: Called Strike 0-1: Swinging Strike 0-2: Strikes out swinging
|
|
Batting: RHB Alfredo Mendez
|
0-0: Ball 1-0: SINGLE (Groundball, 56D, EV 95.6 MPH)
|
|
Batting: RHB Tatsuro Hamasaki
|
0-0: Called Strike 0-1: Hit by Pitch Alfredo Mendez to second
|
|
Batting: RHB Peter Frankel
|
0-0: Called Strike 0-1: Swinging Strike 0-2: Ball 1-2: Ball 2-2: Strikes out swinging
|
|
Batting: RHB Hunter Uttley
|
0-0: Foul Ball, location: 2F 0-1: Ball 1-1: Called Strike 1-2: Foul Ball, location: 2F 1-2: Strikes out looking
|
| Top of the 9th over - 1 run, 2 hits, 0 errors, 2 left on base; Niagara Falls 6 - Windy City 4 |
| BOTTOM OF THE 9TH |
|
Windy City ThunderBolts batting - Pitching for Niagara Falls Phantoms : RHP Jeff Thiem
|
|
Batting: RHB Bellchior Osuna
|
0-0: Ball 1-0: Ball 2-0: Ball 3-0: Base on Balls
|
|
Batting: RHB Klaus Brown
|
0-0: SINGLE (Groundball, 4MD, EV 105.0 MPH) Bellchior Osuna to second
|
|
Batting: RHB Nhat Phong
|
0-0: Ball 1-0: Ball 2-0: Ball 3-0: Base on Balls Bellchior Osuna to third Klaus Brown to second
|
|
Batting: RHB Sim Damit
|
0-0: Ball 1-0: Foul Ball, location: 2F 1-1: Foul Ball, location: 2F 1-2: Grounds into double play, 3-6-3 (Groundball, 34S, EV 80.6 MPH) Bellchior Osuna scores Klaus Brown to third
|
|
Batting: RHB Joe Thomas
|
0-0: Ball 1-0: Called Strike 1-1: SINGLE (Flyball, 8LS, EV 96.9 MPH) Klaus Brown scores
|
|
Pitching: RHP Jared Lesko
|
|
|
Batting: RHB Eddie Dimas
|
0-0: Called Strike 0-1: Swinging Strike 0-2: Ball 1-2: Foul Ball, location: 2F 1-2: Strikes out looking
|
| Bottom of the 9th over - 2 runs, 2 hits, 0 errors, 1 left on base; Niagara Falls 6 - Windy City 6 |
| TOP OF THE 10TH |
|
Niagara Falls Phantoms batting - Pitching for Windy City ThunderBolts : RHP Ted Hurley
|
|
Pitching: RHP Jesse Kuhlman
|
|
|
Pinch Hitting: RHB Todd Wolters
|
0-0: Called Strike 0-1: Ball 1-1: Foul Ball, location: 2F 1-2: Strikes out swinging
|
|
Pinch Hitting: RHB Ryan Book
|
0-0: Ball 1-0: Ball 2-0: Ball 3-0: Called Strike 3-1: Fly out, F9 (Line Drive, 9D, EV 100.6 MPH)
|
|
Pinch Hitting: RHB Greg Oxford
|
0-0: Ball 1-0: Foul Ball, location: 2F 1-1: Foul Ball, location: 2F 1-2: Strikes out swinging
|
| Top of the 10th over - 0 runs, 0 hits, 0 errors, 0 left on base; Niagara Falls 6 - Windy City 6 |
| BOTTOM OF THE 10TH |
|
Windy City ThunderBolts batting - Pitching for Niagara Falls Phantoms : RHP Jared Lesko
|
|
Now at 2B: Baltazar Zuzarte
|
|
|
Now at 3B: Ryan Book
|
|
|
Now in LF: Pete Cook
|
|
|
Batting: RHB Donovan Deason
|
0-0: Ground out 4-3 (Groundball, 34, EV 101.2 MPH)
|
|
Batting: RHB Paul Holland
|
0-0: Foul Ball, location: 2F 0-1: Swinging Strike 0-2: Strikes out swinging
|
|
Batting: RHB Camillo Bonauiti
|
0-0: SINGLE (Flyball, 34D, EV 95.6 MPH)
|
|
Batting: RHB Bellchior Osuna
|
0-0: Swinging Strike 0-1: Ball 1-1: Foul Ball, location: 2F 1-2: Ground out 5-3 (Groundball, 56S, EV 83.8 MPH)
|
| Bottom of the 10th over - 0 runs, 1 hit, 0 errors, 1 left on base; Niagara Falls 6 - Windy City 6 |
| TOP OF THE 11TH |
|
Niagara Falls Phantoms batting - Pitching for Windy City ThunderBolts : RHP Jesse Kuhlman
|
|
Batting: RHB Randy Joyce
|
0-0: Swinging Strike 0-1: SINGLE (Groundball, 34D, EV 97.5 MPH)
|
|
Batting: RHB Ben Underwood
|
0-0: Called Strike 0-1: Foul Ball, location: 2F 0-2: Ball 1-2: Reached on error, E8 (Flyball, 8RD, EV 83.1 MPH) Randy Joyce to third
|
|
Batting: RHB Alfredo Mendez
|
0-0: Intentional Walk
|
|
Batting: RHB Tatsuro Hamasaki
|
0-0: Ball 1-0: Foul Ball, location: 2F 1-1: SINGLE (Line Drive, 8RS, EV 111.9 MPH) Randy Joyce scores Ben Underwood to third Alfredo Mendez to second
|
|
Batting: RHB Peter Frankel
|
0-0: Ball 1-0: Called Strike 1-1: Foul Ball, location: 2F 1-2: Strikes out swinging
|
|
Pitching: RHP Tony Montez
|
|
|
Batting: RHB Hunter Uttley
|
0-0: Foul Ball, location: 2F 0-1: Ball 1-1: SINGLE (Groundball, 56, EV 87.5 MPH) (infield hit) Ben Underwood scores Alfredo Mendez to third Tatsuro Hamasaki to second
|
|
Batting: LHB Pete Cook
|
0-0: Ball 1-0: Called Strike 1-1: Ball 2-1: Reached on error, E4 (Groundball, 4S, EV 66.9 MPH) Alfredo Mendez scores Tatsuro Hamasaki to third Hunter Uttley to second
|
|
Batting: RHB Ryan Book
|
0-0: Ball 1-0: Ball 2-0: Called Strike 2-1: Ball Passed Ball! Tatsuro Hamasaki scores Hunter Uttley to third Pete Cook to second 3-1: Base on Balls
|
|
Batting: RHB Baltazar Zuzarte
|
0-0: SINGLE (Groundball, 6D, EV 94.4 MPH) Hunter Uttley scores Pete Cook to third Ryan Book to second Runner from 3rd tries for Home, SAFE, throw by LF to home
|
|
Batting: RHB Randy Joyce
|
0-0: Ball 1-0: Fly out, F8 (Flyball, 8RD, EV 106.2 MPH)
|
|
Batting: RHB Ben Underwood
|
0-0: Ground out 4-3 (Groundball, 4, EV 83.1 MPH)
|
| Top of the 11th over - 6 runs, 4 hits, 2 errors, 2 left on base; Niagara Falls 12 - Windy City 6 |
| BOTTOM OF THE 11TH |
|
Windy City ThunderBolts batting - Pitching for Niagara Falls Phantoms : RHP Jared Lesko
|
|
Batting: RHB Klaus Brown
|
0-0: Ball 1-0: Ball 2-0: Fly out, F8 (Flyball, 8LD, EV 96.9 MPH)
|
|
Batting: RHB Nhat Phong
|
0-0: Called Strike 0-1: Ball 1-1: Foul Ball, location: 2F 1-2: Strikes out swinging
|
|
Batting: RHB Sim Damit
|
0-0: Foul Ball, location: 2F 0-1: Called Strike 0-2: Foul Ball, location: 2F 0-2: Ball 1-2: Strikes out looking
|
| Bottom of the 11th over - 0 runs, 0 hits, 0 errors, 0 left on base; Niagara Falls 12 - Windy City 6 |
|